AoeStats
← DJ Blyatman!

Arabia

507968877Analyzed
1v1 RM · 13d ago on Sep 20, 2026· 28m 29s· 2 players
Game mode
Random Map
Map size
Tiny (2 player)
Population
200
Speed
Normal
Resources
Standard
Victory
Conquest
Starting age
Dark Age
Ending age
Imperial Age
RankedLock teamsTeams togetherTeam positionsShared explorationLock speedFull tech treeHidden civsTurbo modeCheats
Victory
Defeat
🇨🇳 Ethiopians · China
1144
+18
🇧🇷 Wu · Brazil
1188
-18
feue832223
6:21 Loom
9:08 Feudal Age
10:25 Horse Collar
10:48 Man-at-Arms
11:41 Arson
12:17 Double-Bit Axe
16:19 Wheelbarrow
19:52 Scale Barding Armor
20:18 Forging
21:49 Bloodlines
25:28 Castle Age
23:56 Gold Mining
24:12 Fletching
25:41 Town Watch
25:30 Light Cavalry
26:49 Chain Barding Armor
27:46 Iron Casting
DJ Blyatman!
7:07 Loom
9:46 Feudal Age
10:32 Double-Bit Axe
15:15 Fletching
17:30 Wheelbarrow
18:44 Padded Archer Armor
21:13 Castle Age
21:58 Bodkin Arrow
22:55 Bow Saw
22:14 Crossbowman
23:56 Leather Archer Armor
26:36 Squires
27:22 Scale Mail Armor
Connection lost

Rejoining the realm…

Still unreachable

The connection could not be restored.

Session expired

The server has moved on; the page needs a fresh start.